[Event "ICC tourney 1941 (7 2)"]
[Site "Internet Chess Club"]
[Date "2020.07.31"]
[Round "2"]
[White "binomialfactor"]
[Black "helavir"]
[Result "0-1"]
[ICCResult "White resigns"]
[WhiteElo "1604"]
[BlackElo "2221"]
[Opening "QGD: semi-Slav, Marshall gambit"]
[ECO "D31"]
[NIC "SL.06"]
[Time "19:47:18"]
[TimeControl "420+2"]

1. d4 d5 2. c4 e6 3. Nc3 c6 4. e4 Bb4 5. Bd2 dxc4 6. Bxc4 Qxd4 7. Qe2 Ne7 8.
Nf3 Qb6 9. O-O O-O 10. Rfd1 Nd7 11. a3 Bxc3 12. Bxc3 Qc7 13. Qe3 Ng6 14. h4
Qf4 15. Qxf4 Nxf4 16. g3 Ng6 17. Ng5 Nge5 18. Be2 h6 19. Nh3 c5 20. f4 Nc6
21. Bb5 Nf6 22. Bxc6 bxc6 23. Bxf6 gxf6 24. Nf2 Rb8 25. Rd2 Rb3 26. Kg2 Ba6
27. Rc1 c4 28. Nd1 Rfb8 29. Rcc2 c5 30. Kf2 Bb7 31. Rxc4 f5 32. exf5 Rf3+
33. Ke2 Rxg3 34. fxe6 Re8 35. Rxc5 Rxe6+ 36. Re5 Rf6 37. f5 Rh3 38. Rd4 Rc6
39. Rg4+ Kf8 40. Nc3 Rcxc3 41. bxc3 Bf3+ 42. Kf2 Bxg4 43. Ra5 Rxc3 44. Rxa7
Bxf5 45. Ra8+ Kg7 46. a4 Be4 47. Re8 Bc6 48. Rc8 Rc2+ 49. Kg3 Bxa4
{White resigns}
0-1

[Event "ICC tourney 1941 (7 2)"]
[Site "Internet Chess Club"]
[Date "2020.07.31"]
[Round "2"]
[White "josechess99"]
[Black "MrNormalName"]
[Result "1-0"]
[ICCResult "Black resigns"]
[WhiteElo "2509"]
[BlackElo "1932"]
[Opening "Ruy Lopez: Berlin defense"]
[ECO "C65"]
[NIC "RL.07"]
[Time "19:47:18"]
[TimeControl "420+2"]

1. e4 e5 2. Nf3 Nc6 3. Bb5 Nf6 4. d3 Bc5 5. c3 O-O 6. O-O d6 7. Nbd2 Ne7 8.
d4 exd4 9. cxd4 Bb6 10. Re1 Bg4 11. h3 Bh5 12. Qa4 a6 13. Bf1 Re8 14. e5
dxe5 15. dxe5 Nfd5 16. Qh4 Bg6 17. Nc4 Bc5 18. Qg4 Qc8 19. a3 Qxg4 20. hxg4
Nc6 21. Bg5 h6 22. Bh4 b5 23. Rac1 Nd4 24. Nxd4 Bxd4 25. Red1 Bxe5 26. Nxe5
Rxe5 27. Rc5 c6 28. Rxc6 Nf4 29. Kh2 Be4 30. Rcd6 Rd5 31. R1xd5 Bxd5 32. Bg3
Bxg2 33. Bxg2 Nxg2 34. Kxg2 Re8 35. Rxa6 Re2 36. b4 Re4 37. Rb6 Rxg4 38.
Rxb5 g5 39. a4 h5 40. a5 h4 41. a6 hxg3 42. a7 gxf2+ 43. Kxf2 Rf4+ 44. Kg3
Rg4+ 45. Kxg4 f5+ 46. Kxg5 {Black resigns} 1-0

[Event "ICC tourney 1941 (7 2)"]
[Site "Internet Chess Club"]
[Date "2020.07.31"]
[Round "2"]
[White "NonnaThat"]
[Black "guineapig25"]
[Result "1-0"]
[ICCResult "Black resigns"]
[WhiteElo "1768"]
[BlackElo "1676"]
[Opening "Sicilian"]
[ECO "B56"]
[NIC "SI.25"]
[Time "19:46:46"]
[TimeControl "420+2"]

1. e4 c5 2. Nf3 d6 3. d4 cxd4 4. Nxd4 Nf6 5. Nc3 Nc6 6. f3 e5 7. Nb3 Be6 8.
Be3 Be7 9. Qd2 O-O 10. O-O-O a5 11. a4 Nb4 12. Kb1 d5 13. exd5 Nbxd5 14.
Nxd5 Nxd5 15. Bf2 Bb4 16. Qc1 Qc7 17. Bb5 Rfd8 18. g4 Rac8 19. h4 Ba3 20. c4
Nb4 21. bxa3 Nd3 22. Qc2 Nxf2 23. Rxd8+ Qxd8 24. Qxf2 Bxc4 25. Bxc4 Rxc4 26.
Rc1 Qd3+ 27. Kb2 Rxc1 28. Nxc1 Qd6 29. Nb3 b6 30. Qc2 g6 31. h5 Kg7 32. g5
gxh5 33. Qf5 h4 34. Qg4 Qd3 35. Qxh4 Qe2+ 36. Ka1 Qf1+ 37. Ka2 Qg2+ 38. Kb1
Qxf3 39. Qh6+ Kg8 40. Qxb6 Qf5+ 41. Kb2 Qxg5 42. Nxa5 Qd2+ 43. Kb3 Qd1+ 44.
Kb4 Qb1+ 45. Kc5 Qg1+ 46. Kb5 Qf1+ 47. Kc6 Qf6+ 48. Kb7 Qe7+ 49. Ka6 h5 50.
Qg1+ Kh8 51. Qh1 Qe6+ 52. Qc6 Qf5 53. Qh6+ Kg8 54. Nc6 Qd3+ 55. Kb7 Qd7+ 56.
Kb6 e4 57. Qg5+ Kf8 58. Qh6+ Kg8 59. Qg5+ Kf8 60. Qxh5 f5 61. Qh8+ Kf7 62.
Ne5+ Ke6 63. Nxd7 Kd6 64. Qe5+ Kxd7 65. Qxf5+ {Black resigns} 1-0

[Event "ICC tourney 1941 (7 2)"]
[Site "Internet Chess Club"]
[Date "2020.07.31"]
[Round "2"]
[White "saiabhi29"]
[Black "dabbindino"]
[Result "1/2-1/2"]
[ICCResult "Game drawn by mutual agreement"]
[WhiteElo "1336"]
[BlackElo "1714"]
[Opening "Queen's pawn: London system"]
[ECO "A45"]
[NIC "QP.05"]
[Time "19:46:41"]
[TimeControl "420+2"]

1. d4 Nf6 2. Bf4 e6 3. Nf3 d5 4. e3 c5 5. c3 Nc6 6. Nbd2 Bd6 7. Bg3 Kf8 8.
Bd3 c4 9. Bc2 g6 10. Qe2 Nh5 11. Bh4 Qb6 12. Rb1 Bd7 13. g4 Ng7 14. e4 Bf4
15. Bf6 Rg8 16. Bg5 Bd6 17. h4 Rh8 18. h5 gxh5 19. gxh5 h6 20. Bf6 Bf4 21.
b3 cxb3 22. Nxb3 Qc7 23. Nc5 b6 24. Nxd7+ Qxd7 25. Ba4 Rc8 26. Ne5 Bxe5 27.
Bxe5 Rh7 28. Rg1 Qe7 29. Bxc6 Rxc6 30. exd5 Rxc3 31. d6 Qd7 32. d5 Rc5 33.
dxe6 Qxe6 34. Bxg7+ Rxg7 35. Qxe6 Rxg1+ 36. Kd2 fxe6 37. Rxg1 Rd5+ 38. Ke2
Rxd6 39. Rg6 Kf7 40. Rxh6 Kg7 41. Rg6+ Kf7 42. Rg3 Rd8 43. Rh3 Rh8 44. Ke3
Kf6 45. Ke4 Kg5 46. Rg3+ Kf6 47. Rh3 a5 48. h6 b5 49. Rh5 b4 50. Rxa5 Rxh6
51. Rb5 Rh2 52. Ke3 Rh4 53. f4 Rh2 54. Rxb4 Rxa2
{Game drawn by mutual agreement}
1/2-1/2

[Event "ICC tourney 1941 (7 2)"]
[Site "Internet Chess Club"]
[Date "2020.07.31"]
[Round "2"]
[White "Sricharan07"]
[Black "maddieweber789"]
[Result "0-1"]
[ICCResult "White resigns"]
[WhiteElo "1571"]
[BlackElo "1482"]
[Opening "French: Tarrasch, open, 4.ed ed"]
[ECO "C08"]
[NIC "FR.21"]
[Time "19:46:25"]
[TimeControl "420+2"]

1. e4 e6 2. d4 d5 3. Nd2 c5 4. exd5 exd5 5. Ngf3 Nf6 6. Be2 Be7 7. O-O O-O
8. dxc5 Bxc5 9. Nb3 Bb6 10. c3 Bf5 11. Bg5 Nbd7 12. Nbd4 Bg6 13. Re1 a6 14.
Bd3 Re8 15. Bxg6 hxg6 16. Qc2 Qc7 17. Bxf6 gxf6 18. Rad1 Ne5 19. h3 Rad8 20.
Qb3 Qc5 21. Rf1 Nxf3+ 22. Nxf3 Re2 23. Nd4 Re4 24. Kh1 Qc7 25. f3 Re7 26.
Qc2 Rde8 27. Qd3 Qg3 28. Rg1 Kg7 29. b3 Rh8 30. Rgf1 Re5 31. f4 Re3 32. Qd2
Bxd4 33. cxd4 Rhe8 34. Qf2 Qxf2 35. Rxf2 Re1+ 36. Rf1 Rxf1+ 37. Rxf1 Re4 38.
Rd1 Rxf4 39. Kg1 g5 40. g3 Rf3 41. Kg2 Rc3 42. Rd2 Kg6 43. Kf2 Kf5 44. Kg2
Ke4 45. g4 Ke3 46. Rf2 Kxd4 47. Rxf6 Rc2+ 48. Kg3 Rxa2 49. Rxf7 b5 50. Rf5
Rb2 51. Rxg5 Rxb3+ 52. Kg2 a5 53. h4 a4 54. h5 a3 55. h6 a2 56. h7 Rb2+ 57.
Kg3 a1=Q 58. h8=Q+ Kc4 59. Qc8+ Kb4 60. Qf8+ Kb3 61. Qf3+ Ka2 62. Qxd5+ Rb3+
63. Kf2 Qb2+ 64. Kg1 Qc1+ 65. Kg2 Qc2+ 66. Kg1 Kb1 67. Qg2 Qc1+ 68. Kh2 Rb2
69. Kh3 Rxg2 70. Kxg2 Qxg5 {White resigns} 0-1

[Event "ICC tourney 1941 (7 2)"]
[Site "Internet Chess Club"]
[Date "2020.07.31"]
[Round "3"]
[White "vyomvidy"]
[Black "saiabhi29"]
[Result "1-0"]
[ICCResult "Black resigns"]
[WhiteElo "1785"]
[BlackElo "1334"]
[Opening "Queen's pawn: Chigorin variation"]
[ECO "D00"]
[NIC "VO.15"]
[Time "20:14:01"]
[TimeControl "420+2"]

1. Nc3 d5 2. d4 Nf6 3. Bf4 c5 4. e3 a6 5. dxc5 Nc6 6. Nf3 e6 7. Na4 Bxc5 8.
Nxc5 Qa5+ 9. c3 Qxc5 10. Bd3 O-O 11. O-O b5 12. Ne5 Bb7 13. Re1 Nxe5 14.
Bxe5 Nd7 15. Bg3 Rac8 16. e4 Nb6 17. exd5 Nxd5 18. Qh5 g6 19. Qh6 Ne7 20.
Re5 Qc6 21. Be4 Qxe4 22. Rxe4 Bxe4 23. Qh4 {Black resigns} 1-0

[Event "ICC tourney 1941 (7 2)"]
[Site "Internet Chess Club"]
[Date "2020.07.31"]
[Round "3"]
[White "Goran21"]
[Black "AVS"]
[Result "1-0"]
[ICCResult "Black checkmated"]
[WhiteElo "1804"]
[BlackElo "1223"]
[Opening "Ruy Lopez: exchange variation, 5.O-O"]
[ECO "C68"]
[NIC "RL.08"]
[Time "20:14:06"]
[TimeControl "420+2"]

1. e4 e5 2. Nf3 Nc6 3. Bb5 a6 4. Bxc6 dxc6 5. O-O Bd6 6. d4 Qe7 7. dxe5 Bxe5
8. Nxe5 Qxe5 9. Nc3 Nf6 10. f4 Qc5+ 11. Kh1 O-O 12. h3 Be6 13. e5 Nd5 14. f5
Nxc3 15. bxc3 Bc4 16. Re1 Rad8 17. Qg4 Kh8 18. Be3 Qe7 19. Qxc4 Qxe5 20. Bc5
Qxf5 21. Bxf8 Rxf8 22. Qd3 Qh5 23. Re7 Qh4 24. Rae1 Kg8 25. Re8 Qg5 26.
Rxf8+ Kxf8 27. Qe3 Qd8 28. Qc5+ Kg8 29. Qe7 Qxe7 30. Rxe7 Kf8 31. Rxc7 b5
32. Rxc6 a5 33. Rc5 b4 34. Rxa5 bxc3 35. Rc5 f5 36. Rxc3 g5 37. Rd3 Kf7 38.
a4 f4 39. a5 h5 40. a6 g4 41. a7 gxh3 42. gxh3 h4 43. a8=Q Ke6 44. Qe4+ Kf6
45. Qxf4+ Ke6 46. Qe4+ Kf6 47. Rf3+ Kg5 48. Qg4+ Kh6 49. Rf5 Kh7 50. Rh5#
{Black checkmated}
1-0

[Event "ICC tourney 1941 (7 2)"]
[Site "Internet Chess Club"]
[Date "2020.07.31"]
[Round "3"]
[White "AmyMGL"]
[Black "FL2009"]
[Result "1-0"]
[ICCResult "Black checkmated"]
[WhiteElo "1550"]
[BlackElo "1628"]
[Opening "Giuoco Piano: Anderssen variation"]
[ECO "C54"]
[NIC "IG.02"]
[Time "20:14:54"]
[TimeControl "420+2"]

1. e4 e5 2. Nf3 Nc6 3. Bc4 Bc5 4. c3 Nf6 5. d4 exd4 6. e5 d5 7. Bb5 Ne4 8.
cxd4 Bb4+ 9. Bd2 Bxd2+ 10. Nbxd2 Nxd2 11. Bxc6+ bxc6 12. Nxd2 O-O 13. O-O
Rb8 14. Qc2 Bd7 15. Nb3 f6 16. f4 fxe5 17. fxe5 Qe7 18. Nc5 Bc8 19. a3 h6
20. b4 a6 21. Rxf8+ Qxf8 22. Rf1 Qe7 23. Qg6 Qd8 24. Rf7 Qg5 25. Rxg7+ Kf8
26. Rg8+ Ke7 27. Qe8# {Black checkmated} 1-0

[Event "ICC tourney 1941 (7 2)"]
[Site "Internet Chess Club"]
[Date "2020.07.31"]
[Round "3"]
[White "tallike"]
[Black "caracal"]
[Result "1-0"]
[ICCResult "Black resigns"]
[WhiteElo "1408"]
[BlackElo "1318"]
[Opening "Nimzovich-Larsen attack: classical variation"]
[ECO "A01"]
[NIC "VO.08"]
[Time "20:14:01"]
[TimeControl "420+2"]

1. b3 d5 2. Bb2 c5 3. e3 Nf6 4. Bb5+ Bd7 5. Bxd7+ Nbxd7 6. Nf3 e6 7. O-O Bd6
8. c4 O-O 9. Nc3 h6 10. Rc1 Ne5 11. Nxe5 Bxe5 12. f4 Bc7 13. cxd5 exd5 14.
Na4 b6 15. Ba3 Ne4 16. d4 Qd6 17. dxc5 bxc5 18. Nxc5 Bb6 19. b4 Bxc5 20.
bxc5 Qa6 21. Qxd5 Qxa3 22. Qxe4 Qxa2 23. c6 Rac8 24. f5 Rc7 25. f6 g6 26.
Qf4 {Black resigns} 1-0

[Event "ICC tourney 1941 (7 2)"]
[Site "Internet Chess Club"]
[Date "2020.07.31"]
[Round "3"]
[White "Viking21"]
[Black "AccuratePotato"]
[Result "1-0"]
[ICCResult "Black forfeits on time"]
[WhiteElo "1500"]
[BlackElo "1292"]
[Opening "Sicilian: Alapin's variation (2.c3)"]
[ECO "B22"]
[NIC "SI.47"]
[Time "20:14:02"]
[TimeControl "420+2"]

1. e4 c5 2. c3 Nf6 3. e5 Nd5 4. d4 cxd4 5. cxd4 Nc6 6. Nc3 Nxc3 7. bxc3 e6
8. f4 d6 9. Nf3 dxe5 10. fxe5 Be7 11. Bd3 O-O 12. Qe2 h6 13. Qe4 g6 14. Bxh6
Re8 15. Qg4 Kh7 16. Bg5 Bxg5 17. Nxg5+ Kg7 18. O-O Re7 19. Qf4 Qe8 20. Qf6+
Kg8 21. Rf3 {Black forfeits on time} 1-0

[Event "ICC tourney 1941 (7 2)"]
[Site "Internet Chess Club"]
[Date "2020.07.31"]
[Round "3"]
[White "JosephLevine"]
[Black "playtowin2020"]
[Result "1-0"]
[ICCResult "Black checkmated"]
[WhiteElo "1668"]
[BlackElo "1593"]
[Opening "Sicilian: accelerated fianchetto, modern variation with Bc4"]
[ECO "B35"]
[NIC "SI.33"]
[Time "20:14:04"]
[TimeControl "420+2"]

1. e4 c5 2. Nf3 g6 3. d4 cxd4 4. Nxd4 Nc6 5. Nc3 Bg7 6. Be3 Nf6 7. Bc4 O-O
8. Bb3 a5 9. O-O Ng4 10. Nxc6 dxc6 11. Qxd8 Rxd8 12. Bb6 Re8 13. Na4 Ne5 14.
Rad1 Nd7 15. f4 Ra6 16. Rxd7 Bxd7 17. Rd1 Be6 18. Bxe6 fxe6 19. e5 g5 20. g3
gxf4 21. gxf4 Rf8 22. Be3 Kf7 23. Nc5 Raa8 24. Rd7 b6 25. Ne4 h6 26. Bxb6
Rfb8 27. Bc5 Bf8 28. b3 a4 29. Nd6+ Kg6 30. Nc4 axb3 31. axb3 Ra1+ 32. Kf2
Ra2 33. Rd2 Kf5 34. Kf3 Ra1 35. Rg2 Rf1+ 36. Bf2 Rc1 37. Ne3# {Black
checkmated} 1-0

[Event "ICC tourney 1941 (7 2)"]
[Site "Internet Chess Club"]
[Date "2020.07.31"]
[Round "3"]
[White "helavir"]
[Black "PappusChain923"]
[Result "1-0"]
[ICCResult "Black checkmated"]
[WhiteElo "2221"]
[BlackElo "1665"]
[Opening "Sicilian: Scheveningen, classical main line"]
[ECO "B49"]
[NIC "SI.40"]
[Time "20:14:44"]
[TimeControl "420+2"]

1. e4 c5 2. Nf3 e6 3. d4 cxd4 4. Nxd4 Nc6 5. Nc3 Qc7 6. Be3 a6 7. Be2 Nf6 8.
O-O Be7 9. f4 d6 10. Qe1 O-O 11. Qg3 Nxd4 12. Bxd4 b5 13. a3 Bb7 14. Kh1 Kh8
15. Rae1 Rac8 16. e5 dxe5 17. Bxe5 Qb6 18. Bd3 Ne8 19. f5 exf5 20. Rxf5 Rc6
21. Nd5 Qd8 22. Rh5 h6 23. Nxe7 Qxe7 24. Bxg7+ Nxg7 25. Rxe7 Nxh5 26. Qe5+
Ng7 27. Rxb7 Re6 28. Qc3 Rfe8 29. h3 Re1+ 30. Kh2 Kg8 31. Bh7+ Kf8 32. Bg6
Rf1 33. Qc7 Ree1 34. Rb8+ Ne8 35. Qc5+ Kg7 36. Bd3 Rh1+ 37. Kg3 Nf6 38. Qf8#
{Black checkmated}
1-0

[Event "ICC tourney 1941 (7 2)"]
[Site "Internet Chess Club"]
[Date "2020.07.31"]
[Round "3"]
[White "craigsholl66"]
[Black "liguowh"]
[Result "0-1"]
[ICCResult "White checkmated"]
[WhiteElo "1455"]
[BlackElo "1470"]
[Opening "Sicilian: Najdorf, Opocensky variation"]
[ECO "B92"]
[NIC "SI.10"]
[Time "20:14:03"]
[TimeControl "420+2"]

1. e4 c5 2. Nf3 d6 3. d4 cxd4 4. Nxd4 Nf6 5. Nc3 a6 6. Be2 e5 7. Nf3 Be7 8.
O-O O-O 9. Bg5 Nbd7 10. h3 b5 11. a3 Bb7 12. Bd3 Rc8 13. Qd2 h6 14. Bxf6
Nxf6 15. Qe3 Qc7 16. Nd2 d5 17. exd5 Nxd5 18. Nxd5 Bxd5 19. Nf3 Bd6 20. Bf5
Rcd8 21. c3 Rfe8 22. Be4 Bc4 23. Rfe1 Bc5 24. Qc1 Qb6 25. Qc2 g6 26. g4 Qe6
27. Nd2 Qf6 28. Nxc4 bxc4 29. Kg2 Qf4 30. Rad1 Kg7 31. f3 f5 32. gxf5 Rxd1
33. Rxd1 Qg5+ 34. Kh1 Rd8 35. Rxd8 Qg1# {White checkmated} 0-1

[Event "ICC tourney 1941 (7 2)"]
[Site "Internet Chess Club"]
[Date "2020.07.31"]
[Round "3"]
[White "DejaVu"]
[Black "dabbindino"]
[Result "1/2-1/2"]
[ICCResult "Game drawn by mutual agreement"]
[WhiteElo "1342"]
[BlackElo "1687"]
[Opening "Sicilian defense"]
[ECO "B40"]
[NIC "SI.43"]
[Time "20:14:02"]
[TimeControl "420+2"]

1. e4 c5 2. Nf3 e6 3. d3 Nc6 4. g3 Nf6 5. Bg2 d5 6. Qe2 Be7 7. O-O O-O 8. e5
Nd7 9. c4 Nb6 10. h4 Bd7 11. Nc3 Nd4 12. Nxd4 cxd4 13. Nb1 dxc4 14. dxc4 Bc6
15. Rd1 Qd7 16. Nc3 Bxg2 17. Kxg2 Qc6+ 18. Ne4 Nxc4 19. Bf4 Ne3+ 20. fxe3
Qxe4+ 21. Qf3 Qc2+ 22. Qf2 Qxf2+ 23. Kxf2 dxe3+ 24. Bxe3 f6 25. Rd7 fxe5+
26. Ke2 Bf6 27. Rxb7 e4 28. Rc1 Be5 29. g4 Rab8 30. Rxb8 Rxb8 31. b3 a5 32.
Rc6 Kf7 33. Rc5 Bg3 34. h5 a4 35. bxa4 Rb2+ 36. Kd1 Rxa2 37. Rc4 Kf6 38.
Rxe4 e5 39. Rb4 g6 40. Rb6+ Kf7 41. hxg6+ hxg6 42. Rb4
{Game drawn by mutual agreement}
1/2-1/2

[Event "ICC tourney 1941 (7 2)"]
[Site "Internet Chess Club"]
[Date "2020.07.31"]
[Round "3"]
[White "GGuseinov"]
[Black "sahilmd"]
[Result "1-0"]
[ICCResult "Black resigns"]
[WhiteElo "2995"]
[BlackElo "2153"]
[Opening "Sicilian: closed"]
[ECO "B23"]
[NIC "SI.44"]
[Time "20:14:09"]
[TimeControl "420+2"]

1. e4 c5 2. Nc3 d6 3. Bb5+ Nd7 4. d4 cxd4 5. Qxd4 a6 6. Bxd7+ Bxd7 7. Nge2
e5 8. Qd3 h6 9. f3 Nf6 10. Be3 Be7 11. O-O-O Qc7 12. Kb1 b5 13. Ng3 b4 14.
Nce2 g6 15. h4 h5 16. Bg5 Be6 17. Bxf6 Bxf6 18. Qxd6 Qxd6 19. Rxd6 Ke7 20.
Rb6 Rhb8 21. Rxb8 Rxb8 22. Nc1 Rd8 23. Nd3 a5 24. b3 Bc8 25. Kc1 Ba6 26. Kd2
Bg7 27. Nf1 Bh6+ 28. Ke2 Rc8 29. Ne3 Bxe3 30. Kxe3 Rxc2 31. Nxe5 Ke6 32. f4
Rxa2 33. Rc1 Bb5 34. Rc5 Be8 35. Rc8 Ke7 36. Rc7+ Ke6 37. Ra7 Rxg2 38. Rxa5
Rb2 39. f5+ gxf5 40. exf5+ Kf6 41. Kf4 Rf2+ 42. Ke4 Rh2 43. Ra6+ Kg7 44. f6+
Kh7 45. Ra8 Rxh4+ 46. Kf5 Bb5 47. Nxf7 Bd3+ 48. Kg5 Rg4+ 49. Kxh5 Rg8 50.
Ng5+ Kh8 51. Ra7 Rf8 52. Nf7+ Kg8 53. Nh6+ Kh8 54. Kg5 Bc2 55. Nf7+ Kg8 56.
Ne5 Rd8 57. Rc7 Be4 58. Ng6 Rd5+ 59. Kh6 Bxg6 60. Kxg6 Rd8 61. Rg7+ Kf8 62.
Rh7 Kg8 63. f7+ Kf8 64. Rh8+ Ke7 65. Rxd8 {Black resigns} 1-0

[Event "ICC tourney 1941 (7 2)"]
[Site "Internet Chess Club"]
[Date "2020.07.31"]
[Round "3"]
[White "rjc64uk"]
[Black "TjkTiger"]
[Result "0-1"]
[ICCResult "White checkmated"]
[WhiteElo "1862"]
[BlackElo "2086"]
[Opening "Sicilian: dragon, classical, 9.Nb3"]
[ECO "B74"]
[NIC "SI.44"]
[Time "20:14:10"]
[TimeControl "420+2"]

1. e4 c5 2. Nc3 Nc6 3. Nge2 g6 4. d4 cxd4 5. Nxd4 Bg7 6. Be3 Nf6 7. Be2 O-O
8. O-O d6 9. Nb3 Be6 10. f3 a5 11. a4 Nb4 12. Nd4 Bd7 13. Qd2 Rc8 14. Bf2
Re8 15. Rfd1 Bc6 16. Nxc6 bxc6 17. Na2 c5 18. c3 Nc6 19. Bb5 Qc7 20. Nc1
Red8 21. Nb3 Na7 22. Bf1 Rb8 23. Ra3 Nd7 24. Nc1 Ne5 25. h3 Nd7 26. Bc4 Nb6
27. Ba2 e6 28. Qc2 Nc6 29. Rb3 Na7 30. Ra3 Bf8 31. Qe2 d5 32. Rb3 c4 33.
Bxb6 Rxb6 34. Rxb6 Qxb6+ 35. Kh1 Nc6 36. exd5 exd5 37. Qc2 Ne7 38. b3 Nf5
39. Re1 Ng3+ 40. Kh2 Qc7 41. h4 Nf5+ 42. Kh1 Qg3 43. Ne2 Qxe1+ 44. Kh2 Qxh4+
45. Kg1 Bc5+ 46. Nd4 Qe1+ 47. Kh2 Bd6+ 48. Kh3 Qg3# {White checkmated} 0-1

[Event "ICC tourney 1941 (7 2)"]
[Site "Internet Chess Club"]
[Date "2020.07.31"]
[Round "3"]
[White "guineapig25"]
[Black "Sricharan07"]
[Result "1-0"]
[ICCResult "Black resigns"]
[WhiteElo "1687"]
[BlackElo "1560"]
[Opening "French: King's Indian attack"]
[ECO "C00"]
[NIC "FR.02"]
[Time "20:14:04"]
[TimeControl "420+2"]

1. e4 e6 2. d3 d5 3. Nd2 Nf6 4. Ngf3 Be7 5. g3 b6 6. e5 Nfd7 7. d4 c5 8. c3
Nc6 9. Bg2 Ba6 10. Bf1 Bxf1 11. Kxf1 cxd4 12. cxd4 b5 13. Kg2 Nb6 14. Nf1
O-O 15. h4 b4 16. N1h2 a5 17. Be3 a4 18. Ng5 h6 19. Qh5 Qe8 20. Ng4 Bxg5 21.
hxg5 f5 22. Nxh6+ gxh6 23. Qxh6 Qd7 24. Qh8+ Kf7 25. g6+ Ke7 26. Bg5+ Ke8
27. Bf6 Ne7 28. g7 Rg8 29. Qh5+ Kd8 30. Qf7 Re8 31. g8=Q Rxg8 32. Qxg8+ Kc7
33. Qf7 Re8 34. Rh7 Nc6 35. Qxd7+ Nxd7 36. Rc1 Rg8 37. Rf7 Rg4 38. Bd8+ Kxd8
39. Rxc6 Ke8 40. Rh7 Kd8 41. Rd6 {Black resigns} 1-0

[Event "ICC tourney 1941 (7 2)"]
[Site "Internet Chess Club"]
[Date "2020.07.31"]
[Round "3"]
[White "Vish1080"]
[Black "MasterZachary"]
[Result "0-1"]
[ICCResult "White checkmated"]
[WhiteElo "1809"]
[BlackElo "2204"]
[Opening "Réti accepted"]
[ECO "A09"]
[NIC "RE.19"]
[Time "20:14:02"]
[TimeControl "420+2"]

1. Nf3 d5 2. c4 dxc4 3. e4 e6 4. Bxc4 c5 5. Nc3 a6 6. a4 Nc6 7. O-O Nf6 8.
d3 Bd6 9. h3 O-O 10. Bg5 h6 11. Bxf6 Qxf6 12. Re1 Ne5 13. Nxe5 Qxe5 14. g3
Bd7 15. Qf3 Bc6 16. Qe3 g5 17. Rab1 Kh8 18. Bb3 Rg8 19. Ne2 h5 20. Bc2 h4
21. d4 cxd4 22. Qxd4 Qxd4 23. Nxd4 hxg3 24. Nxc6 gxf2+ 25. Kxf2 bxc6 26. e5
Bc5+ 27. Kf3 a5 28. Be4 Rab8 29. b3 Rgd8 30. Bxc6 Rd3+ 31. Kg4 Bf2 32. Kxg5
Bxe1 33. Rxe1 Kg7 34. h4 Rdxb3 35. h5 Rh3 36. Re4 Rb4 37. Rg4 Rh2 38. Be8
Rxg4+ 39. Kxg4 Re2 40. Kf4 Kh6 41. Kg4 Re4+ 42. Kf3 Rxe5 43. Kf4 Rxh5 44.
Kg4 Rd5 45. Bxf7 Rd4+ 46. Kf3 Rxa4 47. Bxe6 Rd4 48. Ke3 Rd8 49. Ke4 Re8 50.
Kd5 Rxe6 51. Kxe6 a4 52. Kd5 a3 53. Kd6 a2 54. Ke6 a1=Q 55. Kd6 Qd4+ 56. Ke6
Kg6 57. Ke7 Qd5 58. Ke8 Kf6 59. Kf8 Qf7# {White checkmated} 0-1

[Event "ICC tourney 1941 (7 2)"]
[Site "Internet Chess Club"]
[Date "2020.07.31"]
[Round "3"]
[White "Joelpaulg"]
[Black "atippa"]
[Result "1-0"]
[ICCResult "Black forfeits on time"]
[WhiteElo "1387"]
[BlackElo "1360"]
[Opening "Queen's pawn, Mason variation"]
[ECO "D00"]
[NIC "QP.08"]
[Time "20:14:09"]
[TimeControl "420+2"]

1. d4 d5 2. Bf4 e6 3. Nc3 Bd6 4. Bg3 Nf6 5. e3 b6 6. Nf3 Bb7 7. Bd3 c5 8.
O-O O-O 9. Ne5 Nc6 10. Be2 Rc8 11. Nb5 Bb8 12. Nxc6 Bxc6 13. Bxb8 Rxb8 14.
Nxa7 Qd7 15. Nxc6 Qxc6 16. c3 c4 17. f3 b5 18. Qc2 Rfc8 19. Rae1 b4 20. Bd1
Ra8 21. cxb4 Rxa2 22. Qc3 h6 23. Bc2 Qb7 24. Ra1 Rca8 25. Rxa2 Rxa2 26. b3
cxb3 27. Qxb3 Ra8 28. b5 Rb8 29. Rb1 Qb6 30. Qa3 Nd7 31. Qa6 Kf8 32. Bd3 Ke7
33. Rc1 e5 34. Qa3+ {Black forfeits on time} 1-0

[Event "ICC tourney 1941 (7 2)"]
[Site "Internet Chess Club"]
[Date "2020.07.31"]
[Round "3"]
[White "londonkid"]
[Black "NonnaThat"]
[Result "1-0"]
[ICCResult "Black checkmated"]
[WhiteElo "1868"]
[BlackElo "1756"]
[Opening "Queen's Indian: old main line, 7.Nc3"]
[ECO "E18"]
[NIC "QI.09"]
[Time "20:14:16"]
[TimeControl "420+2"]

1. d4 Nf6 2. c4 e6 3. Nf3 b6 4. g3 Bb7 5. Bg2 Be7 6. O-O O-O 7. Nc3 d6 8.
Qc2 Nbd7 9. e4 e5 10. h3 Re8 11. Be3 Bf8 12. dxe5 Nxe5 13. Nxe5 dxe5 14.
Rad1 Qc8 15. Nd5 Bxd5 16. cxd5 Nd7 17. Rc1 Bd6 18. Kh1 Qa6 19. b3 Rac8 20.
f4 Qb5 21. f5 Nc5 22. Rcd1 c6 23. f6 cxd5 24. Rxd5 Bf8 25. fxg7 Bxg7 26. Qf2
Re7 27. Bg5 Rd7 28. Bf6 Nd3 29. Rxb5 Nxf2+ 30. Rxf2 Rd1+ 31. Kh2 Bh6 32.
Rxe5 Be3 33. Rf1 Rd2 34. Rf3 h6 35. Rd5 Rxd5 36. exd5 Bg5 37. Bxg5 hxg5 38.
d6 Rd8 39. Rd3 Kg7 40. d7 f5 41. Bc6 Kf6 42. Re3 Kf7 43. Re8 Rxd7 44. Bxd7
f4 45. gxf4 gxf4 46. Re4 f3 47. Rf4+ Ke7 48. Rxf3 Kxd7 49. h4 Kc7 50. h5 a5
51. h6 a4 52. h7 b5 53. h8=Q axb3 54. Qh6 bxa2 55. Rf7+ Kd8 56. Qf8#
{Black checkmated}
1-0

[Event "ICC tourney 1941 (7 2)"]
[Site "Internet Chess Club"]
[Date "2020.07.31"]
[Round "3"]
[White "closedforce"]
[Black "Rohith-p"]
[Result "0-1"]
[ICCResult "White resigns"]
[WhiteElo "1352"]
[BlackElo "1759"]
[Opening "Catalan: closed, 5.Nf3"]
[ECO "E06"]
[NIC "CA.05"]
[Time "20:14:01"]
[TimeControl "420+2"]

1. d4 Nf6 2. c4 e6 3. g3 d5 4. Nf3 Be7 5. Bg2 O-O 6. O-O dxc4 7. Qc2 a6 8.
a4 Bd7 9. Qxc4 Bc6 10. Bg5 Nbd7 11. Nc3 Nb6 12. Qd3 Nbd5 13. Ne5 Nb4 14.
Nxc6 bxc6 15. Qc4 Nfd5 16. Bxe7 Qxe7 17. Ne4 a5 18. Nc5 Rab8 19. e3 Rfd8 20.
Rac1 h6 21. Rfd1 Qf6 22. b3 Na2 23. Rc2 Nab4 24. Rcd2 Nb6 25. Qc1 Qe7 26.
Nd3 N6d5 27. Ne5 Rb6 28. Qc4 f6 29. Nd3 Nxd3 30. Rxd3 Rdb8 31. Rc1 Nb4 32.
Rd2 Qd6 33. Bh3 Kf7 34. Rc3 Nd5 35. Bg2 Nxc3 36. Qxc3 Rxb3 37. Qd3 Rb1+ 38.
Rd1 Qb4 39. h4 Rxd1+ 40. Qxd1 Qb1 41. Qxb1 Rxb1+ 42. Kh2 Rc1 43. Be4 Ke7 44.
Kg2 Kd6 45. Kf3 Rc4 {White resigns} 0-1

[Event "ICC tourney 1941 (7 2)"]
[Site "Internet Chess Club"]
[Date "2020.07.31"]
[Round "3"]
[White "ganzy"]
[Black "benusa"]
[Result "0-1"]
[ICCResult "White forfeits on time"]
[WhiteElo "1455"]
[BlackElo "2249"]
[Opening "Four knights: symmetrical variation"]
[ECO "C49"]
[NIC "KP.03"]
[Time "20:13:58"]
[TimeControl "420+2"]

1. e4 e5 2. Nf3 Nf6 3. Nc3 Nc6 4. Bb5 Bb4 5. O-O O-O 6. d3 d6 7. Bxc6 bxc6
8. Ne2 h6 9. Ng3 Ba5 10. c3 c5 11. a3 Bb6 12. b4 cxb4 13. axb4 Re8 14. c4 c6
15. Re1 Rb8 16. Bd2 Qc7 17. Qc1 Qe7 18. h3 Bd7 19. Nh4 Kh7 20. Nhf5 Qf8 21.
Kf1 Ng8 22. f4 g6 23. Nh4 exf4 24. Bxf4 g5 25. Bxg5 hxg5 26. Qxg5 Qh6 27.
Qxh6+ Nxh6 28. Ngf5 Nxf5 29. Nxf5 Bxf5 30. exf5 Kg7 31. Ra6 Rxe1+ 32. Kxe1
Kf6 33. c5 Bd8 34. Rxc6 Be7 35. g4 Rxb4 36. cxd6 Bd8 37. Rc8 Ba5 38. Ke2 Rd4
39. Rc6 Ke5 40. Rc5+ Rd5 41. d4+ Kxd4 42. Rxd5+ Kxd5 43. d7 Kd6 44. h4 Kxd7
45. Kd3 Bd8 46. g5 Kd6 47. Kd4 a5 48. Kc4 Kc6 {White forfeits on time} 0-1